 Dungeon Crawl Stone Soup version 0.18.1-5-g4a78601 (webtiles) character file.

9861 Zhenya25pyc the Basher (level 11, -46/63 HPs)
             Began as a Gargoyle Fighter on May 13, 2016.
             Was a High Priest of Okawaru.
             Annihilated by an enormous slime creature (68 damage)
             ... on level 12 of the Dungeon.
             The game lasted 00:24:16 (11284 turns).

Zhenya25pyc the Basher (Gargoyle Fighter)          Turns: 11284, Time: 00:24:17

Health: -46/63     AC: 22    Str: 19    XL:     11   Next: 53%
Magic:  13/14      EV: 13    Int: 12    God:    Okawaru [*****.]
Gold:   279        SH: 20    Dex: 12    Spells: 0 memorised, 10 levels left

rFire  . . .     SeeInvis .     R - +1 morningstar (curse)
rCold  + . .     Gourm    .     J - +2 scale mail "Raschiad" {rF+ rCorr Str-3 Int+3}
rNeg   + . .     Faith    .     B - +3 shield
rPois  ∞         Spirit   .     (helmet restricted)
rElec  +         Dismiss  .     w - +0 cloak
rCorr  +         Reflect  +     x - +0 pair of gloves
SustAt .         Harm     .     (no boots)
MR     .....     Clarity  +     N - +4 amulet of reflection
Stlth  +.........               K - +2 ring of dexterity
                                s - ring of ice

@: heroism, not resistant to hostile enchantments, very unstealthy
A: antennae 1, clarity, frail 1, negative energy resistance 1, electricity
resistance, wild magic 1, unbreathing, petrification resistance, rot immunity,
AC +7
a: Heroism, Finesse, Renounce Religion


You were on level 12 of the Dungeon.
You worshipped Okawaru.
Okawaru was extremely pleased with you.
You were not hungry.

You visited 2 branches of the dungeon, and saw 15 of its levels.
You also visited: Ossuary.

You collected 657 gold pieces.
You spent 378 gold pieces at shops.

Inventory:

Hand Weapons
 R - a cursed +1 morningstar (weapon)
Missiles
 L - 6 poisoned javelins (quivered)
Armour
 w - a +0 cloak (worn)
 x - a +0 pair of gloves (worn)
 B - a +3 shield (worn)
 J - the +2 scale mail "Raschiad" (worn) {rF+ rCorr Str-3 Int+3}
   (You bought it in a shop on level 5 of the Dungeon)

   It affects your strength (-3).
   It affects your intelligence (+3).
   It protects you from fire.
   It protects you from acid and corrosion.
Jewellery
 s - a ring of ice (left hand)
 K - a +2 ring of dexterity (right hand)
 N - a +4 amulet of reflection (around neck)
Wands
 C - a wand of disintegration (15/24)
 E - a wand of hasting (1/9)
 F - a wand of disintegration (5/24)
 P - a wand of disintegration (24/24)
Scrolls
 e - a scroll of blinking {unknown}
 h - 4 scrolls of fog
 i - a scroll of magic mapping
 k - 6 scrolls of remove curse
 l - a scroll of fear
 n - 6 scrolls of identify
 o - 3 scrolls of amnesia
 p - a scroll of immolation {unknown}
 r - 3 scrolls of teleportation {unknown}
 v - 2 scrolls of recharging
 y - 4 scrolls of enchant armour
 A - 2 scrolls of noise {unknown}
 D - 2 scrolls of vulnerability {unknown}
 H - 2 scrolls of enchant weapon {unknown}
 M - 2 scrolls of random uselessness {unknown}
 Q - a scroll of torment {unknown}
Potions
 a - a potion of agility
 b - a potion of haste
 d - 5 potions of might
 j - 3 potions of magic
 m - 5 potions of curing
 q - a potion of lignification
 t - 3 potions of brilliance
 u - 2 potions of degeneration
 z - a potion of beneficial mutation
 G - a potion of heal wounds
Comestibles
 c - 3 slices of pizza
 f - 6 bread rations
 g - 11 fruits


   Skills:
 + Level 9.1(14.1) Fighting
 * Level 10.4(15.4) Maces & Flails
 + Level 9.0(14.0) Armour
 + Level 3.4(8.4) Dodging
 + Level 8.6(13.6) Shields
 + Level 5.1 Invocations


You had 10 spell levels left.
You didn't know any spells.

Dungeon Overview and Level Annotations

Branches:
Dungeon (14/15)            Temple (1/1) D:5            Lair (0/8) D:10
    Orc (0/2) D:10
 Vaults: D:13-14

Altars:
Ashenzari
Cheibriados
Dithmenos
Elyvilon
Fedhas
Gozag
Kikubaaqudgha
Makhleb
Nemelex Xobeh
Okawaru
Pakellas
Qazlal
Ru
Sif Muna
Trog
Vehumet
Xom
Yredelemnul
Zin
The Shining One

Shops:
D:4 :   D:5 [   D:10 ([   D:11 !

Annotations:
D:12 Azrael


Innate Abilities, Weirdness & Mutations

You are resistant to torment.
Your stone body is resilient (AC +7).
You are immune to poison.
You resist negative energy.
You are resistant to electric shocks.
You can survive without breathing.
You are immune to petrification.
You are immune to rotting.
You have a pair of small antennae on your head.
You possess an exceptional clarity of mind.
You are frail (-10% HP).
Your spells are a little harder to cast, but a little more powerful.


Message History

The enormous slime creature is moderately wounded.
You hit the enormous slime creature.
The enormous slime creature is moderately wounded.
The enormous slime creature hits you!
You hear a shout!
You sock the enormous slime creature!
The enormous slime creature is moderately wounded.
The enormous slime creature barely misses you.
You sock the enormous slime creature!
The enormous slime creature is moderately wounded.
The enormous slime creature hits you!
A crimson imp comes into view.
The crimson imp blinks!
You impale the enormous slime creature!!
The enormous slime creature is heavily wounded.
You sock the enormous slime creature!
The enormous slime creature is heavily wounded.
The enormous slime creature hits you!!!
Ouch! That really hurt!
You die...

,,,* *,,,,....# *,* ,,,*
*,,,,,...* *,* ,,,*
*,,,,,...* *,* ,***
*,,,,,...* *,*
,*************##.##******,*
,,,,,,,,,,,,,,,.5.,,,,>,,,*
,,,,,,,,,,,,***#t#*********
,,,,,,,,,,,,* #J#
,,,,,,,,,,,,* #@#
,**,,,,≈,,,,* #.#
,**,,,,,,,,,* #.#######
,**,,,,,,,,,* #.......#
,**,,,******* #.......#
,****######### #.......# ,*
#.......# #.......# ,*
#.......###(####### ,*
#.......'...#


You could see an enormous slime creature, a crocodile and a crimson imp.

Vanquished Creatures
  Erolcha (D:12)
  An unseen horror (D:12)
  2 hill giants (D:11)
  A cyclops (D:14)
  2 trolls
  Sigmund (D:3)
  3 wyverns
  A fire elemental (D:11)
  A steam dragon (D:9)
  2 hippogriffs
  2 vampire mosquitoes (D:14)
  A water moccasin (D:5)
  2 orc warriors
  A black bear (D:10)
  6 ice beasts
  3 sky beasts
  A phantom (D:6)
  A wasp (D:9)
  A wolf (D:10)
  A necrophage (D:9)
  6 ogres
  4 centaurs
  A big kobold (D:11)
  4 giant frogs
  An elf zombie (Ossuary)
  2 scorpions (D:10)
  14 killer bees
  A wight (D:11)
  4 howler monkeys
  A centaur zombie (Ossuary)
  3 crimson imps
  3 giant frog skeletons
  11 hounds
  3 jellies
  An orc priest (D:8)
  2 centaur skeletons
  5 orc wizards
  10 worker ants
  3 big kobold zombies (Ossuary)
  A centaur simulacrum (D:10)
  3 mummies (Ossuary)
  A howler monkey skeleton (D:10)
  12 adders
  A shadow imp (D:10)
  2 white imps (D:10)
  An ufetubus (D:10)
  2 oozes
  5 adder zombies (Ossuary)
  3 worms
  A dart slug (D:2)
  6 giant geckos
  34 orcs
  A ball python (D:3)
  5 bats
  3 giant cockroaches
  3 gnoll zombies (Ossuary)
  9 goblins
  4 hobgoblins
  12 jackals
  10 kobolds
  5 quokkas
  A giant gecko skeleton (D:4)
  5 giant newts
  3 goblin zombies (Ossuary)
  5 hobgoblin zombies (Ossuary)
  3 jackal zombies (Ossuary)
  3 kobold zombies (Ossuary)
  An orc zombie (Ossuary)
  2 quokka zombies (Ossuary)
  7 rats
  4 rat zombies (Ossuary)
271 creatures vanquished.

Vanquished Creatures (others)
  A water elemental (D:12)
  2 centaurs (D:11)
  2 electric eels
  A kobold (D:11)
  A giant newt (D:12)
  9 plants
16 creatures vanquished.

Grand Total: 287 creatures vanquished

Notes
Turn   | Place    | Note
--------------------------------------------------------------
     0 | D:1      | Zhenya25pyc the Gargoyle Fighter began the quest for the Orb.
     0 | D:1      | Reached XP level 1. HP: 14/14 MP: 1/1
    83 | D:1      | Reached XP level 2. HP: 18/19 MP: 2/2
   504 | D:2      | Found a blossoming altar of Fedhas.
   553 | D:2      | Reached XP level 3. HP: 22/23 MP: 3/3
   685 | D:2      | Reached skill level 3 in Maces & Flails
   685 | D:2      | Reached XP level 4. HP: 21/29 MP: 4/4
  1102 | D:3      | Reached XP level 5. HP: 17/33 MP: 5/5
  1551 | D:3      | Found a sacrificial altar of Ru.
  2418 | D:4      | Noticed Sigmund
  2459 | D:3      | Killed Sigmund
  2459 | D:3      | Reached skill level 4 in Maces & Flails
  2459 | D:3      | Reached XP level 6. HP: 20/40 MP: 6/6
  3121 | D:4      | Found Josouvys's Book Shoppe.
  3178 | D:4      | Reached skill level 5 in Fighting
  3178 | D:4      | Reached XP level 7. HP: 44/44 MP: 7/7
  3358 | D:5      | Entered Level 5 of the Dungeon
  3364 | D:5      | Reached skill level 5 in Maces & Flails
  3364 | D:5      | Reached skill level 5 in Armour
  3415 | D:5      | Found a sparkling altar of Nemelex Xobeh.
  3519 | D:5      | Found a sand-covered staircase.
  3524 | Ossuary  | Entered an ossuary
  3696 | Ossuary  | Reached skill level 5 in Shields
  3751 | Ossuary  | Reached XP level 8. HP: 45/50 MP: 8/8
  3823 | D:5      | Reached skill level 6 in Maces & Flails
  3976 | D:5      | Found a staircase to the Ecumenical Temple.
  3984 | D:5      | HP: 1/51 [ogre/giant spiked club (10)]
  4297 | Temple   | Entered the Ecumenical Temple
  4698 | D:5      | Found Kion's Antique Armour Shoppe.
  4706 | D:5      | Bought a steaming scale mail for 252 gold pieces
  4716 | D:5      | Identified the +2 scale mail "Raschiad" {rF+ rCorr Str-3 Int+3} (You bought it in a shop on level 5 of the Dungeon)
  5131 | D:6      | Reached skill level 7 in Maces & Flails
  5245 | D:6      | Got a translucent dagger
  5589 | D:6      | Reached XP level 9. HP: 56/56 MP: 9/9
  5843 | D:7      | Found an iron altar of Okawaru.
  5859 | D:7      | Became a worshipper of Warmaster Okawaru
  6208 | D:7      | Found an oddly glowing altar of Pakellas.
  6315 | D:7      | Reached * piety under Okawaru
  6315 | D:7      | Reached skill level 8 in Maces & Flails
  7074 | D:8      | Reached skill level 1 in Invocations
  7122 | D:8      | Found a sparkling altar of Nemelex Xobeh.
  7123 | D:8      | Found a bloodstained altar of Trog.
  7123 | D:8      | Found a burning altar of Makhleb.
  7420 | D:9      | Noticed a troll
  7452 | D:9      | Killed a troll
  7452 | D:9      | Reached ** piety under Okawaru
  7452 | D:9      | Reached skill level 1 in Dodging
  7470 | D:9      | Reached XP level 10. HP: 15/63 MP: 9/11
  7973 | D:9      | Reached skill level 9 in Maces & Flails
  8306 | D:10     | Entered Level 10 of the Dungeon
  8330 | D:10     | Found a staircase to the Lair.
  8377 | D:10     | Found Xyubb's Weapon Shop.
  8377 | D:10     | Found a staircase to the Orcish Mines.
  8379 | D:10     | Found Orghevupt's Armour Shop.
  8675 | D:10     | Reached *** piety under Okawaru
  9612 | D:11     | Noticed a hill giant
  9634 | D:11     | Killed a hill giant
  9835 | D:11     | Noticed a hill giant
  9858 | D:11     | Killed a hill giant
  9858 | D:11     | Reached **** piety under Okawaru
  9858 | D:11     | Reached XP level 11. HP: 35/69 MP: 14/14
 10043 | D:11     | Reached skill level 10 in Maces & Flails
 10189 | D:11     | Found Detz's Distillery.
 10197 | D:11     | Bought a potion of heal wounds for 60 gold pieces
 10197 | D:11     | Bought a potion of curing for 36 gold pieces
 10197 | D:11     | Bought a potion of mutation for 30 gold pieces
 10197 | D:11     | Gained mutation: You possess an exceptional clarity of mind. [potion of mutation]
 10197 | D:11     | Gained mutation: You have a pair of small antennae on your head. [potion of mutation]
 10197 | D:11     | Gained mutation: You are weak. (Str -2) [potion of mutation]
 10198 | D:11     | Lost mutation: You are weak. (Str -2) [potion of mutation]
 10198 | D:11     | Gained mutation: You are frail (-10% HP). [potion of mutation]
 10198 | D:11     | Gained mutation: Your spells are a little harder to cast, but a little more powerful. [potion of mutation]
 10567 | D:11     | You fall through a shaft for 3 floors!
 10596 | D:14     | Noticed a cyclops
 10602 | D:14     | Killed a cyclops
 10615 | D:14     | Reached ***** piety under Okawaru
 10657 | D:12     | Noticed Azrael
 10688 | D:11     | HP: 2/62 [wight/enchanted morningstar (3)]
 11040 | D:12     | Killed an unseen horror
 11040 | D:12     | Reached skill level 5 in Invocations
 11227 | D:12     | Noticed Erolcha
 11238 | D:12     | Killed Erolcha
 11238 | D:12     | Received a gift from Okawaru
 11284 | D:12     | Annihilated by an enormous slime creature

Skill      XL: |  1  2  3  4  5  6  7  8  9 10 11 |
---------------+----------------------------------+-----
Maces & Flails | 3 4 5 7 8 9 10 | 10.4
Armour         | 4 5 6 7 8 9 |  9.0
Fighting       | 4 5 6 7 8 9 |  9.1
Shields        | 4 5 6 7 8 |  8.6
Invocations    | 1 4 5 |  5.1
Dodging        | 1 2 3 |  3.4

Action                   |  1- 3 |  4- 6 |  7- 9 | 10-12 || total
-------------------------+-------+-------+-------+-------++-------
Melee: Flail             |   139 |   182 |       |       ||   321
       Morningstar       |       |    92 |   559 |   446 ||  1097
Invok: Heroism           |       |       |     1 |     2 ||     3
  Use: Scroll            |       |       |       |    14 ||    14
       Potion            |       |       |       |     7 ||     7
  Eat: Chunk             |       |     8 |     8 |     8 ||    24
       Royal jelly       |       |       |     1 |       ||     1
       Meat ration       |       |       |     1 |     1 ||     2
Armor: Scale mail        |    99 |   178 |   301 |   280 ||   858
Dodge: Dodged            |    49 |    88 |   163 |   139 ||   439
Block: Shield            |    80 |   168 |   417 |   414 ||  1079
       Reflection        |       |       |       |    11 ||    11
